 Dungeon Crawl Stone Soup version 0.22-a0-162-g33bf127 (webtiles) character file.

10157 mhoghedin the Covert (level 11, -2/102 HPs)
             Began as a Naga Venom Mage on Feb 12, 2018.
             Was an Elder of Cheibriados.
             Slain by a red ugly thing (16 damage)
             ... on level 10 of the Dungeon.
             The game lasted 00:32:21 (9187 turns).

mhoghedin the Covert (Naga Venom Mage)              Turns: 9187, Time: 00:32:22

Health: -2/102     AC:  8    Str: 18 (21) XL:     11   Next: 57%
Magic:  11/18      EV: 14    Int: 26 (28) God:    Cheibriados [****..]
Gold:   165        SH:  0    Dex: 24 (26) Spells: 6/20 levels left

rFire    . . .     SeeInvis +   a - +0 dire flail (protect)
rCold    . . .     Gourm    .   (shield currently unavailable)
rNeg     . . .     Faith    .   t - +2 robe
rPois    +         Spirit   .   L - +2 hat {MR+}
rElec    .         Reflect  .   (no cloak)
rCorr    .         Harm     .   (no gloves)
MR       ++...                  (no barding)
Stlth    +++++.....             i - amulet of regeneration {+regen, !d}
HPRegen  0.67/turn              F - +4 ring of dexterity
MPRegen  0.16/turn              r - ring of wizardry {Wiz+, !d}

@: about to teleport, very slow
A: large, see invisible, deformed body, poison resistance, slowness 2, slow
metabolism 1, spit poison 1, AC +3
a: Spit Poison, Bend Time, Temporal Distortion, Slouch, Renounce Religion


You were on level 10 of the Dungeon.
You worshipped Cheibriados.
Cheibriados was greatly pleased with you.
You were hungry.

You visited 1 branch of the dungeon, and saw 10 of its levels.

You collected 515 gold pieces.
You spent 350 gold pieces at shops.

Inventory:

Hand Weapons
 a - a +0 dire flail of protection (weapon)
   (You took it off an orc warrior on level 9 of the Dungeon)
 c - a +0 dagger of venom
   (You took it off an orc on level 5 of the Dungeon)
Missiles
 v - 5 tomahawks of dispersal {=f}
 y - 4 throwing nets {=f, !d}
Armour
 t - a +2 robe (worn)
 L - a +2 hat of magic resistance (worn)
   (You took it off Gastronok on level 9 of the Dungeon)
Magical Staves
 b - an uncursed staff of energy {@w1+MP, hungerless spells, !d!a}
   (You bought it in a shop on level 9 of the Dungeon)
Jewellery
 i - an amulet of regeneration (around neck) {+regen, !d}
   (You found it on level 1 of the Dungeon)
 q - an uncursed ring of fire {unknown}
   (You found it on level 9 of the Dungeon)
 r - a ring of wizardry (right hand) {Wiz+, !d}
   (You found it on level 3 of the Dungeon)
 s - an uncursed ring of protection from magic {MR+, !d}
   (You found it on level 3 of the Dungeon)
 F - a +4 ring of dexterity (left hand)
   (You found it on level 7 of the Dungeon)
Wands
 e - a wand of clouds (3)
   (You took it off an orc on level 6 of the Dungeon)
 o - a wand of iceblast (10)
   (You found it on level 4 of the Dungeon)
 w - a wand of polymorph (12)
   (You found it on level 5 of the Dungeon)
 z - a wand of acid (9)
   (You found it on level 5 of the Dungeon)
 E - a wand of disintegration (8)
   (You found it on level 8 of the Dungeon)
Scrolls
 f - 4 scrolls of remove curse
 h - a scroll of identify
 l - a scroll of magic mapping {unknown}
 p - a scroll of fear
 u - 2 scrolls of teleportation
 G - a scroll of fog
Potions
 d - 3 potions of brilliance {unknown}
 m - 2 potions of lignification {unknown}
 A - a potion of invisibility {unknown}
 B - a potion of mutation {unknown}
 D - 4 potions of flight
 H - a potion of haste {unknown}
 K - a potion of agility {unknown}
Books
 I - a Young Poisoner's Handbook
Comestibles
 n - 17 rations
 J - 7 chunks of flesh {@w0}


   Skills:
 + Level 7.7 Fighting
 - Level 2.3 Short Blades
 + Level 7.3 Maces & Flails
   Level 0.6 Polearms
 + Level 5.3 Dodging
 - Level 9.6 Stealth
 - Level 5.0 Spellcasting
 - Level 4.8 Conjurations
 - Level 9.3 Poison Magic
 + Level 5.0 Invocations
 + Level 3.2 Evocations


You had 6 spell levels left.
You knew the following spells:

 Your Spells              Type           Power        Failure   Level  Hunger
b - Poisonous Vapours     Pois/Air       ####..       1%          2    None
c - Olgreb's Toxic Radia  Pois           ######..     1%          4    ###....
d - Venom Bolt            Conj/Pois      #####.....   4%          5    #####..
x - Mephitic Cloud        Conj/Pois/Air  ####....     1%          3    #......


Dungeon Overview and Level Annotations

Branches:
Dungeon (10/15)            Temple (0/1) D:7
   Lair: D:8-11         Orc: D:9-12

Altars:
Cheibriados
Gozag
Xom

Shops:
D:9 *

Portals:
Abyss: D:10

Annotations:
D:3 Karim's ghost, amateur GnAE
D:7 1 exclusion
D:10 Snorg


Innate Abilities, Weirdness & Mutations

You cannot wear boots.
Your serpentine skin is tough. (AC +3)
You have supernaturally acute eyesight. (SInv)
Armour fits poorly on your strangely shaped body.
Your system is resistant to poisons. (rPois)
You cover ground very slowly.
You have a slow metabolism.
You can spit poison.


Message History

Harold screams, "I'll kill you anyway!" Harold hits you with a hand axe.
You take 5 damage, and have 55/100 hp.
You impale Harold!!
You kill Harold!
Cheibriados appreciates the change of pace.
Your Invocations skill increases to level 5!
You regained 2 hp, and now have 57/102 hp. 5 yaks come into view.
The yak moves out of view.
Found a stone staircase leading down.
A jackal, 2 yaks and a sky beast come into view.
Items here: ( ) [ † a hand axe; a throwing net {=f, !d}; a ring mail; the human corpse of Harold You see here a throwing net {=f, !d}.
You regained 2 hp, and now have 60/102 hp.
The red ugly thing seems less confused.
The yak barely misses you. The yak gores you.
You take 3 damage, and have 57/102 hp.
You begin to radiate toxic energy.
The red ugly thing is poisoned.
The yak is poisoned. x2
You are feeling hungry.
The yak gores you but does no damage.
You now have 0/18 mp.
You feel much better.
The yak is poisoned.
The red ugly thing looks even sicker.
The yak looks even sicker. x2
The red ugly thing tentacle-slaps you but does no damage.
The yak gores you!
The jackal barks!
You hear a bellow!
You regained 20 hp, and now have 77/102 hp.
It was a potion of degeneration.
There was something very wrong with that liquid.
You feel weakened.
You feel dopey.
You feel clumsy.
The jackal is poisoned.
The yak looks even sicker.
The red ugly thing looks even sicker.
The yak looks even sicker. x2
You hear a bellow! x2
The red ugly thing tentacle-slaps you but does no damage.
The yak completely misses you.
You hear a bellow!
Unknown command.
It was a potion of magic.
Magic courses through your body.
The red ugly thing looks as sick as possible!
The yak looks as sick as possible!
Your toxic aura wanes.
You hear a bellow!
You kill the jackal!
Cheibriados thoroughly appreciates the change of pace.
The red ugly thing tentacle-slaps you but does no damage.
The yak misses you.
MP restored: 18
Aim: a red ugly thing (lightly wounded, poisoned)
The ball explodes into a vile cloud!
The stinking cloud engulfs the red ugly thing.
The stinking cloud engulfs you!
You hear a bellow! x2
The red ugly thing is engulfed in noxious fumes.
The red ugly thing tentacle-slaps you!
You are engulfed in flames!!
The yak gores you.
You take 40 damage, and have 38/102 hp.
MASSIVE DAMAGE!!
You now have 15/18 mp.
Unknown command.
Aim: a red ugly thing (noxious fumes, lightly wounded, poisoned)
The bolt of poison misses the red ugly thing.
The red ugly thing is engulfed in noxious fumes.
The red ugly thing appears confused.
The yak gores you.
You take 4 damage, and have 34/102 hp.
You now have 10/18 mp.
You hit the yak.
Your weapon exudes an aura of protection.
The red ugly thing is engulfed in noxious fumes.
The yak gores you but does no damage.
The red ugly thing seems less confused.
The red ugly thing is engulfed in noxious fumes.
The red ugly thing tentacle-slaps you!
* * * LOW HITPOINT WARNING * * *
You are engulfed in flames!
* * * LOW HITPOINT WARNING * * *
The yak gores you.
* * * LOW HITPOINT WARNING * * *
The red ugly thing is engulfed in noxious fumes.
The red ugly thing appears confused.
A yak comes into view.
You take 26 damage, and have 8/102 hp.
MASSIVE DAMAGE!!
Unknown command.
As you read the scroll of teleportation, it crumbles to dust.
You feel strangely unstable. The yak completely misses you.
The red ugly thing completely misses you.
Unknown command.
You feel better. The yak gores you!
* * * LOW HITPOINT WARNING * * *
A yak comes into view.
You take 4 damage, and have 5/102 hp.
You feel better. The yak misses you. The red ugly thing tentacle-slaps you.
* * * LOW HITPOINT WARNING * * *
You are engulfed in flames!
You die...

..........)...#
..............#
...>....).....#
..............#
..............#
..............#
##########.#
#u# #@# #Y# #Y#
#Y# ......YY#
......YY#
..YY..YY#
Y....†..#
Yh......#


You could see a red ugly thing (confused) and 9 yaks.

Vanquished Creatures
  Gastronok (D:9)
  Harold (D:10)
  Erica (D:10)
  2 two-headed ogres
  Pikel (D:4)
  A komodo dragon (D:9)
  A troll (D:10)
  A hippogriff (D:7)
  Sigmund (D:2)
  2 wyverns
  A human (D:7)
  A yak (D:7)
  3 hogs (D:7)
  A steam dragon (D:10)
  A soldier ant (D:10)
  A water moccasin (D:9)
  4 slaves (D:4)
  A black bear (D:8)
  2 ice beasts
  A phantom (D:4)
  3 orc warriors
  2 sky beasts
  5 ogres
  A necrophage (D:6)
  2 centaurs
  A big kobold (D:7)
  2 bullfrogs
  A wyvern zombie (D:8)
  4 killer bees (D:9)
  3 crimson imps
  A bullfrog zombie (D:10)
  A howler monkey (D:4)
  A centaur zombie (D:8)
  3 orc priests
  A bullfrog skeleton (D:10)
  4 hounds
  A centaur skeleton (D:7)
  A jelly (D:5)
  17 orc wizards
  5 iguanas
  4 worker ants
  3 worker ant zombies
  14 adders
  3 gnolls (D:5)
  A shadow imp (D:5)
  4 adder zombies
  6 worms
  4 dart slugs
  10 leopard geckos
  35 orcs
  6 giant cockroaches
  5 goblins
  8 hobgoblins
  17 jackals
  17 kobolds
  8 quokkas
  A ball python (D:4)
  11 bats
  3 frilled lizards
  A jackal skeleton (D:6)
  A quokka skeleton (D:4)
  A quokka zombie (D:6)
  5 rats
255 creatures vanquished.

Notes
Turn   | Place    | Note
-------+----------+-------------------------------------------
     0 | D:1      | mhoghedin the Naga Venom Mage began the quest for the Orb.
     0 | D:1      | Reached XP level 1. HP: 15/15 MP: 3/3
   116 | D:1      | Reached XP level 2. HP: 20/22 MP: 0/5
   536 | D:1      | Reached skill level 5 in Poison Magic
   550 | D:1      | Learned a level 2 spell: Poisonous Vapours
   700 | D:1      | Reached XP level 3. HP: 28/28 MP: 6/6
   869 | D:1      | Learned a level 3 spell: Mephitic Cloud
  1494 | D:2      | Reached skill level 6 in Poison Magic
  1526 | D:2      | Noticed Sigmund
  1538 | D:2      | Killed Sigmund
  1538 | D:2      | Reached skill level 4 in Spellcasting
  1538 | D:2      | Reached XP level 4. HP: 17/36 MP: 1/10
  1538 | D:2      | Reached XP level 5. HP: 20/42 MP: 1/11
  1621 | D:2      | Learned a level 4 spell: Olgreb's Toxic Radiance
  1647 | D:2      | Reached XP level 6. HP: 35/49 MP: 7/12
  2109 | D:2      | Found a glowing silver altar of Zin.
  2111 | D:2      | Found a blossoming altar of Fedhas.
  2111 | D:2      | Found a basalt altar of Yredelemnul.
  2123 | D:2      | Found a shimmering altar of Xom.
  2123 | D:2      | Found a hazy altar of Hepliaklqana.
  2123 | D:2      | Found a blossoming altar of Fedhas.
  2640 | D:3      | Noticed Karim's ghost (amateur GnAE)
  2724 | D:3      | Found a faded altar of an unknown god.
  2928 | D:3      | Reached skill level 5 in Spellcasting
  2935 | D:3      | Learned a level 5 spell: Venom Bolt
  3186 | D:4      | Found an opulent altar of Gozag.
  3212 | D:4      | Noticed Pikel
  3212 | D:4      | Noticed a slave
  3212 | D:4      | Noticed a slave
  3214 | D:4      | Noticed a slave
  3215 | D:4      | Noticed a slave
  3220 | D:4      | Killed Pikel
  3220 | D:4      | Reached skill level 3 in Conjurations
  3220 | D:4      | Reached skill level 8 in Poison Magic
  3220 | D:4      | Reached XP level 7. HP: 55/55 MP: 6/14
  3495 | D:4      | Reached XP level 8. HP: 52/62 MP: 8/15
  3588 | D:4      | Reached skill level 1 in Maces & Flails
  3588 | D:4      | Reached skill level 4 in Conjurations
  3911 | D:4      | Reached skill level 1 in Fighting
  4082 | D:5      | Entered Level 5 of the Dungeon
  4123 | D:5      | Reached skill level 2 in Dodging
  4197 | D:5      | Reached skill level 2 in Maces & Flails
  4532 | D:5      | Reached skill level 2 in Fighting
  4721 | D:5      | Reached skill level 3 in Maces & Flails
  4735 | D:5      | Found a snail-covered altar of Cheibriados.
  4822 | D:5      | Became a worshipper of Cheibriados the Contemplative
  4996 | D:5      | Reached skill level 3 in Dodging
  4996 | D:5      | Reached skill level 1 in Invocations
  5137 | D:5      | Reached skill level 3 in Fighting
  5405 | D:6      | Reached XP level 9. HP: 60/76 MP: 16/16
  5537 | D:6      | Reached skill level 2 in Invocations
  5555 | D:5      | Reached * piety under Cheibriados
  5708 | D:6      | Reached skill level 4 in Maces & Flails
  5899 | D:7      | Reached skill level 4 in Stealth
  6007 | D:7      | Reached skill level 4 in Fighting
  6007 | D:7      | Reached skill level 3 in Invocations
  6170 | D:7      | Reached ** piety under Cheibriados
  6358 | D:7      | Reached skill level 4 in Dodging
  6358 | D:7      | Reached skill level 5 in Stealth
  6374 | D:7      | Reached skill level 6 in Stealth
  6374 | D:7      | Reached skill level 4 in Invocations
  6535 | D:7      | Found a staircase to the Ecumenical Temple.
  6538 | D:7      | Reached skill level 5 in Maces & Flails
  6556 | D:7      | Reached XP level 10. HP: 36/87 MP: 0/17
  6793 | D:8      | Reached skill level 5 in Fighting
  6974 | D:8      | Reached skill level 1 in Evocations
  7186 | D:8      | Noticed a two-headed ogre
  7190 | D:8      | Killed a two-headed ogre
  7190 | D:8      | Reached skill level 1 in Short Blades
  7190 | D:8      | Reached skill level 7 in Stealth
  7420 | D:8      | Reached *** piety under Cheibriados
  7592 | D:8      | Reached skill level 2 in Short Blades
  8023 | D:9      | Noticed Gastronok
  8044 | D:9      | Killed Gastronok
  8044 | D:9      | Reached skill level 6 in Fighting
  8044 | D:9      | Reached skill level 6 in Maces & Flails
  8044 | D:9      | Reached skill level 9 in Stealth
  8091 | D:9      | Reached skill level 7 in Fighting
  8138 | D:9      | Reached XP level 11. HP: 100/100 MP: 12/18
  8295 | D:9      | Reached skill level 9 in Poison Magic
  8330 | D:9      | Found Odybais's General Store.
  8339 | D:9      | Bought an uncursed staff of energy for 350 gold pieces
  8345 | D:9      | Reached **** piety under Cheibriados
  8846 | D:10     | Entered Level 10 of the Dungeon
  8846 | D:10     | Noticed a two-headed ogre
  8855 | D:10     | Killed a two-headed ogre
  8855 | D:10     | Reached skill level 2 in Evocations
  8891 | D:10     | Reached skill level 5 in Dodging
  8969 | D:10     | Noticed a hell beast
  8970 | D:10     | Found a one-way gate to the infinite horrors of the Abyss.
  8974 | D:10     | Noticed Erica
  8997 | D:10     | Killed Erica
  8997 | D:10     | Reached skill level 7 in Maces & Flails
  9119 | D:10     | Noticed Snorg
  9126 | D:10     | Reached skill level 3 in Evocations
  9144 | D:10     | Noticed a red ugly thing
  9161 | D:10     | Noticed Harold
  9173 | D:10     | Killed Harold
  9173 | D:10     | Reached skill level 5 in Invocations
  9184 | D:10     | HP: 9/102 [red ugly thing (17)]
  9187 | D:10     | Slain by a red ugly thing

Vault maps used:
D:1:      eino_arrival_cavern_a
D:2:      doesnt_xom_only_xom, st_stairs_9, uniq_sigmund
D:3:      chequers_ecumenical_altar_grove, kennysheep_generic_room_12
D:4:      first_ration, nicolae_gozag_seed_capital, uniq_pikel
D:5:      minivault_27, serial_park_tiny_pond, chei_slow_surprise
D:7:      temple_hall, grunt_livestock
D:9:      serial_shops, shop, uniq_gastronok
D:10:     minmay_imperfect_grid, serial_shops, kennysheep_mini,
          lemuel_hellish_altar, uniq_snorg, uniq_joseph, uniq_harold, uniq_erica

Skill      XL: |  1  2  3  4  5  6  7  8  9 10 11 |
---------------+----------------------------------+-----
Poison Magic   | 5 6 8 9 |  9.3
Spellcasting   | 4 5 |  5.0
Conjurations   | 3 4 |  4.8
Maces & Flails | 3 5 6 7 |  7.3
Fighting       | 3 4 7 |  7.7
Dodging        | 3 4 5 |  5.3
Invocations    | 1 4 5 |  5.0
Stealth        | 6 9 |  9.6
Evocations     | 1 3 |  3.2
Short Blades   | 2 |  2.3
Polearms       | |  0.6

Action                   |  1- 3 |  4- 6 |  7- 9 | 10-12 || total
-------------------------+-------+-------+-------+-------++-------
Melee: Club              |     6 |       |       |       ||     6
       Unarmed           |     1 |       |       |       ||     1
       Spear             |    73 |   134 |    54 |       ||   261
       Whip              |       |       |   342 |   124 ||   466
       Dagger            |       |       |       |    11 ||    11
       Dire flail        |       |       |       |    84 ||    84
 Cast: Sting             |    19 |       |       |       ||    19
       Poisonous Vapours |     3 |     7 |    10 |     4 ||    24
       Olgreb's Toxic Ra |       |    14 |    13 |    15 ||    42
       Mephitic Cloud    |       |     2 |     4 |     5 ||    11
       Venom Bolt        |       |       |    18 |    19 ||    37
Invok: Temporal Distorti |       |       |       |     1 ||     1
 Abil: Spit Poison       |    13 |       |     1 |       ||    14
Evoke: Wand              |       |     3 |     1 |     5 ||     9
  Use: Scroll            |     1 |     5 |     5 |     5 ||    16
       Potion            |       |       |       |     7 ||     7
 Stab: Sleeping          |     5 |     2 |     4 |    11 ||    22
       Confused          |       |     2 |     1 |     5 ||     8
       Distracted        |       |     1 |       |       ||     1
  Eat: Ration            |     1 |       |     2 |       ||     3
       Chunk             |       |     6 |    10 |    14 ||    30
Armor: Robe              |    23 |    46 |   117 |    83 ||   269
Dodge: Dodged            |    49 |    63 |   209 |   168 ||   489

Table legend:
 A = Spawn XP
 B = Non-spawn XP
 C = Spawn XP percentage of total XP
 D = Spawn monster count
 E = Non-spawn monster count
 F = Spawn count percentage of total count
 G = Total turns spent on level
                    A         B        C        D         E        F      G
               +---------+---------+-------+---------+---------+-------+---------
         Total |       0 |   14511 |   0.0 |       0 |     251 |   0.0 |  9187
               +---------+---------+-------+---------+---------+-------+---------
           D:1 |       0 |      61 |   0.0 |       0 |      31 |   0.0 |  1415
           D:2 |       0 |     317 |   0.0 |       0 |      23 |   0.0 |   876
           D:3 |       0 |     128 |   0.0 |       0 |      30 |   0.0 |   851
           D:4 |       0 |    1021 |   0.0 |       0 |      19 |   0.0 |   940
           D:5 |       0 |     799 |   0.0 |       0 |      30 |   0.0 |  1274
           D:6 |       0 |     568 |   0.0 |       0 |      14 |   0.0 |   564
           D:7 |       0 |    1841 |   0.0 |       0 |      26 |   0.0 |   866
           D:8 |       0 |    1513 |   0.0 |       0 |      24 |   0.0 |   984
           D:9 |       0 |    3959 |   0.0 |       0 |      29 |   0.0 |  1076
          D:10 |       0 |    4304 |   0.0 |       0 |      25 |   0.0 |   341
               +---------+---------+-------+---------+---------+-------+---------

Vault maps used:
D:1:      eino_arrival_cavern_a
D:2:      doesnt_xom_only_xom, st_stairs_9, uniq_sigmund
D:3:      chequers_ecumenical_altar_grove, kennysheep_generic_room_12
D:4:      first_ration, nicolae_gozag_seed_capital, uniq_pikel
D:5:      minivault_27, serial_park_tiny_pond, chei_slow_surprise
D:7:      temple_hall, grunt_livestock
D:9:      serial_shops, shop, uniq_gastronok
D:10:     minmay_imperfect_grid, serial_shops, kennysheep_mini,
          lemuel_hellish_altar, uniq_snorg, uniq_joseph, uniq_harold, uniq_erica

Table legend:
 A = Turns spent in this place as a percentage of turns spent in the entire game.
 B = Non-inter-level travel turns spent in this place as a percentage of non-inter-level travel turns spent in the entire game.
 C = Inter-level travel turns spent in this place as a percentage of turns spent in this place.
 D = Turns resting spent in this place as a percentage of non-inter-level travel turns spent in this place.
 E = Turns spent auto-exploring this place as a percentage of non-inter-level travel turns spent in this place.
 F = Non-inter-level travel turns spent in this place divided by the number of levels of this place that you've seen.
                   A       B       C       D       E      F
               +-------+-------+-------+-------+-------+----------------------
         Total | 100.0 | 100.0 |   4.7 |  20.9 |  49.2 | 875.2
       Dungeon | 100.0 | 100.0 |   4.7 |  20.9 |  49.2 | 875.2
               +-------+-------+-------+-------+-------+----------------------

Table legend:
 A = Kills in this place as a percentage of kills in entire the game.
 B = Kills by you in this place as a percentage of kills by you in the entire game.
 C = Kills by friends in this place as a percentage of kills by friends in the entire game.
 D = Other kills in this place as a percentage of other kills in the entire game.
 E = Experience gained in this place as a percentage of experience gained in the entire game.
 F = Experience gained in this place divided by the number of levels of this place that you have seen.
                   A       B       C       D       E      F
               +-------+-------+-------+-------+-------+----------------------
         Total | 100.0 | 100.0 |   N/A | 100.0 | 100.0 | 1451.1
       Dungeon | 100.0 | 100.0 |   N/A | 100.0 | 100.0 | 1451.1
               +-------+-------+-------+-------+-------+----------------------
